 Dungeon Crawl Stone Soup version 0.21-a0-426-g98080a9 (webtiles) character file.

11 sugabear the Ruffian (level 2, -1/23 HPs)
             Began as a Minotaur Transmuter on Nov 7, 2017.
             Slain by a hobgoblin (3 damage)
             ... on level 1 of the Dungeon.
             The game lasted 00:00:32 (584 turns).

sugabear the Ruffian (Minotaur Transmuter)           Turns: 584, Time: 00:00:33

Health: -1/23      AC:  2    Str: 14    XL:     2   Next: 17%
Magic:  3/3        EV: 12    Int: 10    God:
Gold:   27         SH:  0    Dex: 10    Spells: 3/4 levels left

rFire    . . .     SeeInvis .     - Unarmed
rCold    . . .     Gourm    .   (no shield)
rNeg     . . .     Faith    .   b - +0 robe
rPois    .         Spirit   .   (helmet restricted)
rElec    .         Reflect  .   (no cloak)
rCorr    .         Harm     .   (no gloves)
MR       .....                  (no boots)
Stlth    +.........             (no amulet)
HPRegen  0.07/turn              (no ring)
MPRegen  0.08/turn              (no ring)

@: no status effects
A: retaliatory headbutt, horns 2
a: no special abilities


You were on level 1 of the Dungeon.
You were not hungry.

You visited 1 branch of the dungeon, and saw 1 of its levels.

You collected 27 gold pieces.

Inventory:

Missiles
 a - 56 arrows
Armour
 b - a +0 robe (worn)
Scrolls
 e - a scroll of immolation {unknown}
Books
 c - a book of Changes

   Spells                             Type                      Level
   a - Beastly Appendage              Transmutation                1
   b - Sticks to Snakes               Transmutation                2
   c - Spider Form                    Transmutation/Poison         3
   d - Ice Form                       Ice/Transmutation            4
   e - Blade Hands                    Transmutation                5
Comestibles
 d - a bread ration
 f - 3 chunks of flesh


   Skills:
 + Level 1.2 Fighting
 + Level 2.6 Dodging
 + Level 3.5 Unarmed Combat
 * Level 1.5 Spellcasting
 * Level 1.7 Transmutations


You had 3 spell levels left.
You knew the following spells:

 Your Spells              Type           Power        Failure   Level  Hunger
a - Beastly Appendage     Tmut           #.....       16%         1    ##.....


Dungeon Overview and Level Annotations

Branches:
Dungeon (1/15)

Altars:


Innate Abilities, Weirdness & Mutations

You reflexively headbutt those who attack you in melee.
You have a pair of horns on your head.


Message History

The rat barely misses you.
You hit the rat.
You kill the rat!
The hobgoblin closely misses you.
You hit the hobgoblin but do no damage. The hobgoblin misses you.
You hit the hobgoblin but do no damage. The hobgoblin hits you.
You barely miss the hobgoblin. The hobgoblin hits you.
* * * LOW HITPOINT WARNING * * *
You hit the hobgoblin but do no damage. Your headbutt misses the hobgoblin.
The hobgoblin hits you.
* * * LOW HITPOINT WARNING * * *
You completely miss the hobgoblin. You hit the hobgoblin.
The hobgoblin is severely wounded.
The hobgoblin hits you but does no damage.
Unknown command.
You closely miss the hobgoblin. Your headbutt misses the hobgoblin.
The hobgoblin is severely wounded.
The hobgoblin hits you.
You die...

#.?.# #.####..### # #...#
#.........###
.####...######.#.....#.#..
.........>.....#..#.##.#..
...>...........#..#.......
......)..(.....#..#.##.#..
####...)#.####.#.......#..
#....#g# #......######
#.g..#@# #.##.### #....#.#
#.##.# ######
......######.######.....
###....#≈≈≈≈♣.♣≈≈≈≈#.#...
##...#≈.......♣ ≈#.#.##
#######≈......♣♣♣≈#....#
#.####.....#♣.......♣.♣#.#...
.#..............<....≈..#.##
........##♣.P.....P.♣#.....


You could see a hobgoblin.

Vanquished Creatures
  A dart slug (D:1)
  A giant cockroach (D:1)
  2 goblins (D:1)
  2 frilled lizards (D:1)
  3 kobolds (D:1)
  2 rats (D:1)
11 creatures vanquished.

Vanquished Creatures (others)
  5 toadstools (D:1)
5 creatures vanquished.

Grand Total: 16 creatures vanquished

Notes
Turn   | Place    | Note
-------+----------+-------------------------------------------
     0 | D:1      | sugabear the Minotaur Transmuter began the quest for the Orb.
     0 | D:1      | Reached XP level 1. HP: 16/16 MP: 1/1
   540 | D:1      | Reached XP level 2. HP: 21/23 MP: 3/3
   584 | D:1      | Slain by a hobgoblin

Vault maps used:
D:1:      ldierk_walled_garden, minmay_shallow_snake_nest

Action                   || total
-------------------------++-------
Melee: Unarmed           ||    30
       Headbutt          ||     6
       Kick              ||     2
 Cast: Beastly Appendage ||     2
Armor: Robe              ||     6
Dodge: Dodged            ||    14

Table legend:
 A = Spawn XP
 B = Non-spawn XP
 C = Spawn XP percentage of total XP
 D = Spawn monster count
 E = Non-spawn monster count
 F = Spawn count percentage of total count
 G = Total turns spent on level
                    A         B        C        D         E        F      G
               +---------+---------+-------+---------+---------+-------+---------
         Total |       0 |      17 |   0.0 |       0 |      11 |   0.0 |   584
               +---------+---------+-------+---------+---------+-------+---------
           D:1 |       0 |      17 |   0.0 |       0 |      11 |   0.0 |   584
               +---------+---------+-------+---------+---------+-------+---------
